 Dungeon Crawl Stone Soup version 0.32-a0-485-g70f7560b1c (webtiles) character file.

Game seed: 9732152831903570027

3476 timneilson the Ruffian (level 10, -2/69 HPs)
             Began as an Octopode Shapeshifter on Feb 26, 2024.
             Was an Initiate of Gozag.
             Slain by a water moccasin (9 damage)
             ... on level 7 of the Dungeon.
             The game lasted 00:16:07 (6985 turns).

timneilson the Ruffian (Octopode Shapeshifter)      Turns: 6985, Time: 00:16:07

Health: -2/69      AC:  1    Str: 18    XL:     10   Next: 6%
Magic:  10/10      EV: 17    Int: 13    God:    Gozag
Gold:   521        SH:  0    Dex: 20    Spells: 9/9 levels left

rFire   . .          .
                       - Unarmed
rCold   . . .        (no shield)
rNeg    + . .        (helmet currently unavailable)
rPois   .            (no amulet)
rElec   .            r - ring of resist corrosion
rCorr   +            y - +6 ring of dexterity
SInv    .            C - ring of Ymewn {rN+ Dex+3}
Will    .....        (no ring)
Stlth   +++++        (no ring)
HPRegen 0.31/turn    (no ring)
MPRegen 0.12/turn    (no ring)
                     (no ring)

%: no passive effects
@: mighty, beast-form
A: beast (slay +3), almost no armour, amphibious, 8 rings, camouflage 1,
gelatinous body 1, (nimble swimmer 1), tentacles
a: Begin Untransformation, Renounce Religion, Potion Petition, Call Merchant,
Bribe Branch


You were on level 7 of the Dungeon.
You worshipped Gozag.
Gozag was pleased with you.
You were a hulking beast.
You visited 1 branch of the dungeon, and saw 7 of its levels.
You also visited: Ossuary.

You collected 1380 gold pieces.
You spent 144 gold pieces at shops.
You paid 715 gold pieces to Gozag.

Inventory:

Missiles
 k - 4 poisoned darts (quivered)
 m - a throwing net
Jewellery
 d - a ring of ice
 f - the ring "Tihagowi" {Ice Fly rPois Will+ Str-2}
   (You found it on level 5 of the Dungeon)

   [ring of ice]

   Ice:       It enhances your ice magic.
   Str-2:     It affects your strength (-2).
   rF-:       It makes you vulnerable to fire.
   rC+:       It protects you from cold.
   rPois:     It protects you from poison Will+: It increases your willpower.
   Fly:       It grants you flight.
 r - a ring of resist corrosion (left tentacle)
 y - a +6 ring of dexterity (right tentacle)
 C - the ring of Ymewn (on tentacle) {rN+ Dex+3}
   (You bought it in a shop on level 7 of the Dungeon)

   [ring of positive energy]

   Dex+3:     It affects your dexterity (+3).
   rN+:       It protects you from negative energy.
Talismans
 b - a beast talisman (active)
 c - a flux talisman
Wands
 o - a wand of digging (1)
 A - a wand of mindburst (3)
 B - a wand of polymorph (3)
Scrolls
 j - 2 scrolls of revelation
 q - 5 scrolls of identify
 s - 2 scrolls of teleportation
 t - a scroll of silence
 w - a scroll of amnesia
 x - a scroll of enchant weapon
 z - a scroll of enchant armour
 D - a scroll of brand weapon {unknown}
Potions
 a - 8 potions of lignification
 e - a potion of haste
 g - 2 potions of might
 h - a potion of enlightenment
 i - 3 potions of curing
 l - 2 potions of brilliance
 n - a potion of cancellation
 p - 2 potions of invisibility
 u - a potion of resistance
 v - a potion of mutation


   Skills:
 * Level 6.5 Fighting
 * Level 6.8 Dodging
 + Level 6.6 Stealth
 * Level 7.1 Unarmed Combat
 + Level 2.1 Evocations
 * Level 6.7 Shapeshifting


You had 9 spell levels left.
You didn't know any spells.
Your spell library contained the following spells:

 Spells                   Type           Power      Damage    Failure   Level
 Lesser Beckoning         Tloc           0%         N/A       43%         2
 Gell's Gravitas          Tloc           0%         N/A       67%         3
 Teleport Other           Tloc           0%         N/A       67%         3


Dungeon Overview and Level Annotations

Branches:
Dungeon (7/15)             Temple (0/1) D:7         Ossuary (visited)

Altars:
Fedhas
Gozag
Hepliaklqana
Makhleb
Nemelex Xobeh
Qazlal
Vehumet
Yredelemnul

Shops:
D:4 *   D:5 =   D:7 =*[

Annotations:
D:4 exclusion: statue


Innate Abilities, Weirdness & Mutations

You are a hulking beast.
Your limbs bulge with bestial killing power. (Slay +3)
You cannot wear most types of armour.
You are amphibious.
You can wear up to eight rings at the same time.
Your skin changes colour to match your surroundings (Stealth+).
Your rubbery body absorbs attacks. (AC +1, EV +1)
((You are camouflaged when in or above water. (Stealth+)))
You have tentacles for arms and can constrict up to eight enemies at once.


Message History

Found a jewelled copper wand.
A kobold comes into view. It is wielding a +0 club.
A kobold comes into view. It is wielding a +0 dagger.
The kobold shouts!
You hear a shout!
The kobold shouts!
You see here a wand of mindburst (3).
A - a wand of mindburst (3)
A kobold brigand comes into view.
It is wielding a +0 whip, quivering poisoned darts and carrying a wand of polymorph.
You bludgeon the kobold!
You kill the kobold!
Unknown command.
You barely miss the kobold. You grab the kobold. You squeeze the kobold.
You kill the kobold!
Found a stone staircase leading up.
You bludgeon the kobold brigand! You grab the kobold brigand.
You squeeze the kobold brigand!
You kill the kobold brigand!
Found a war axe.
Found a stone staircase leading down.
You now have 655 gold pieces (gained 7).
k - 4 poisoned darts (gained 2);
B - a wand of polymorph (3)
You see here a +0 whip.
You now have 665 gold pieces (gained 10).
Things that are here:
a +0 club; a +0 dagger Your extra speed is starting to run out.
A water moccasin comes into view.
Found a stone staircase leading down.
Found Zuanut's Assorted Antiques.
You feel yourself slow down.
There is an entrance to Zuanut's Assorted Antiques here.
C - the ring of Ymewn {rN+ Dex+3};
D - a scroll labelled ZEWUFO TILOETH Thank you for shopping at Zuanut's Assorted Antiques!
You can access your shopping list by pressing '$'.
You feel agile.
C - the ring of Ymewn (on tentacle) {rN+ Dex+3} The water moccasin hisses angrily.
Found Roq Beol's Jewellery Emporium.
The water moccasin bites you!
* * * LOW HITPOINT WARNING * * *
The water moccasin bites you!
You die...
Your body crumbles into a pile of gold.

,,** *,#.,* ***#......##....
,,,********,...#* #............
,,,,,,,,,,##,...* #.....)##....
***,,,,,*,,.,*#.#####.......)....
* *,,,,,*###.*#....##.......#....
***,,∩,,*#....#....###..###.#>...
,,,,,,,,*#.#..#....##..## #.####.
,,,,,,,,,.#.....S.....## #......
****,*,,,.......h..#### ##......
* *,,,,*.∩.#.#....♣##* #.......
***,***,,,,,#.....#.* #.......
*,,,,,*,****#..♣.∩#.####.......
*,,,,,*,,* #>.####............
*,,,,,,,** #### ######.......
*,,,,,*** #....... *,,,,,*
##...... *,<,,,* ##..≈≈≈


You could see a water moccasin.

Vanquished Creatures
  A two-headed ogre (D:7)
  Pikel (D:4)
  A wyvern (D:7)
  Menkaure (Ossuary)
  2 water moccasins (D:6)
  A black bear (D:5)
  An ogre (D:5)
  A centaur (D:5)
  2 lemures (D:4)
  A phantom (D:5)
  A bullfrog (D:4)
  A kobold brigand (D:7)
  4 scorpions
  3 wights (D:6)
  3 bombardier beetles
  A jelly (D:6)
  A gnoll bouda (D:4)
  2 hounds
  3 orc priests (D:5)
  3 iguanas (D:5)
  A sleepcap (D:6)
  Jessica (D:3)
  6 orc wizards
  5 ogre zombies (Ossuary)
  6 mummies (Ossuary)
  11 gnolls
  7 adders
  A shadow imp (D:5)
  4 ufetubi (D:5)
  6 adder zombies (Ossuary)
  2 dart slugs
  3 ribbon worms (D:4)
  27 orcs
  4 ball pythons
  3 bats
  7 endoplasms
  A giant cockroach (D:1)
  9 goblins
  6 hobgoblins
  9 kobolds
  8 quokkas
  8 frilled lizards
  2 gnoll zombies (Ossuary)
  2 goblin zombies (Ossuary)
  A hobgoblin zombie (Ossuary)
  3 kobold zombies (Ossuary)
  9 quokka zombies (Ossuary)
  2 rats (D:1)
  2 rat zombies (Ossuary)
190 creatures vanquished.

Notes
Turn   | Place    | Note
-------+----------+-------------------------------------------
     0 | D:1      | timneilson the Octopode Shapeshifter began the quest for
                  | the Orb.
     0 | D:1      | Reached XP level 1. HP: 13/13 MP: 1/1
   114 | D:1      | Reached XP level 2. HP: 18/18 MP: 2/2
   446 | D:1      | Reached skill level 1 in Stealth
   450 | D:1      | Reached XP level 3. HP: 22/23 MP: 3/3
  1090 | D:2      | Found an opulent altar of Gozag.
  1096 | D:2      | Became a worshipper of Gozag Ym Sagoz the Greedy
  1783 | D:3      | Found a basalt altar of Yredelemnul.
  1936 | D:3      | Reached XP level 4. HP: 29/29 MP: 4/4
  2532 | D:3      | Noticed Jessica
  2539 | D:3      | Killed Jessica
  2540 | D:3      | Reached XP level 5. HP: 27/34 MP: 5/5
  2876 | D:4      | Reached skill level 4 in Unarmed Combat
  2881 | D:4      | Reached XP level 6. HP: 41/41 MP: 6/6
  3260 | D:4      | Found a radiant altar of Vehumet.
  3360 | D:4      | Found Ahooxzy's Gadget Gallery.
  3554 | D:4      | Noticed Pikel
  3569 | D:4      | Killed Pikel
  3570 | D:4      | Reached skill level 5 in Unarmed Combat
  3570 | D:4      | Reached XP level 7. HP: 10/48 MP: 7/7
  3751 | D:4      | Reached XP level 8. HP: 54/54 MP: 8/8
  3951 | D:5      | Entered Level 5 of the Dungeon
  4075 | D:5      | Reached skill level 5 in Shapeshifting
  4163 | D:5      | Found a sand-covered staircase.
  4169 | Ossuary  | Entered an ossuary
  4594 | Ossuary  | Reached skill level 5 in Dodging
  4764 | Ossuary  | Noticed Menkaure
  4773 | Ossuary  | Killed Menkaure
  4795 | Ossuary  | Reached skill level 5 in Stealth
  5047 | D:5      | Reached skill level 5 in Fighting
  5127 | D:5      | Found a stormy altar of Qazlal.
  5162 | D:5      | Identified the ring "Tihagowi" {Ice Fly rPois Will+ Str-2}
  5294 | D:5      | Reached skill level 6 in Unarmed Combat
  5294 | D:5      | Reached XP level 9. HP: 42/61 MP: 9/9
  5406 | D:5      | Found a sparkling altar of Nemelex Xobeh.
  6402 | D:6      | Reached skill level 1 in Evocations
  6405 | D:6      | Found a burning altar of Makhleb.
  6405 | D:6      | Noticed an Executioner
  6408 | D:6      | Noticed a smoke demon
  6408 | D:6      | Noticed a smoke demon
  6725 | D:6      | Found a hazy altar of Hepliaklqana.
  6735 | D:6      | Found a blossoming altar of Fedhas.
  6887 | D:7      | Found Olaenn's Antique Armour Shop.
  6907 | D:7      | Noticed a two-headed ogre
  6925 | D:7      | HP: 3/62 [two-headed ogre/+0 giant club (15)]
  6927 | D:7      | Killed a two-headed ogre
  6928 | D:7      | Reached skill level 7 in Unarmed Combat
  6928 | D:7      | Reached XP level 10. HP: 4/69 MP: 10/10
  6977 | D:7      | Found Zuanut's Assorted Antiques.
  6981 | D:7      | Bought a scorched platinum ring for 120 gold pieces
  6981 | D:7      | Identified the ring of Ymewn {rN+ Dex+3} (You bought it in
                  | a shop on level 7 of the Dungeon)
  6981 | D:7      | Bought a scroll labelled ZEWUFO TILOETH for 24 gold pieces
  6985 | D:7      | Found Roq Beol's Jewellery Emporium.
  6985 | D:7      | Slain by a water moccasin

Illustrated notes

Levels and vault maps discovered:
D:1:      psy_arrival_radial02, layout_basic
D:2:      layout_loops_ring, basic_altar, nrook_mini_vaults, minmay_vboxes
D:3:      layout_basic, mainiacjoe_overflow_catwalk, kennysheep_jessica_study
D:4:      layout_loops_ring, vehumet_statue, nicolae_shop_gadgets, uniq_pikel
D:5:      layout_loops_cross, mainiacjoe_overflow_brackets,
          nemelex_dance_club_becter, enter_ossuary_1
D:6:      hellmonk_crumbling_castle, layout_cave_pools,
          makhleb_altar_promises_db, amethyst_overflow_temple_binary
D:7:      layout_rooms, minmay_temple_entry_butterflies, serial_shops,
          nicolae_shop_stone, nicolae_shop_pleasant_corner_grove,
          nicolae_shop_tiny_waterfront, shop, enter_bailey_2, chequers_jeans

Skill      XL: |  1  2  3  4  5  6  7  8  9 |
---------------+----------------------------+-----
Stealth        | 1 2 4 5 6 |  6.6
Fighting       | 2 4 5 6 |  6.5
Dodging        | 3 4 5 6 |  6.8
Unarmed Combat | 4 5 6 7 |  7.1
Shapeshifting  | 4 5 6 |  6.7
Evocations     | 2 |  2.1

Action                     |  1- 3 |  4- 6 |  7- 9 | 10-12 || total
---------------------------+-------+-------+-------+-------++-------
  Melee: Unarmed           |    77 |   103 |   260 |     3 ||   443
         Constrict         |    16 |    30 |    60 |     2 ||   108
         Tentacles         |     7 |    19 |    65 |     2 ||    93
         Punch             |     1 |     6 |    11 |       ||    18
  Throw: Dart              |       |       |     2 |       ||     2
 Invoke: Call Merchant     |       |       |     1 |       ||     1
    Use: Scroll            |    10 |     4 |     9 |       ||    23
         Potion            |     1 |     2 |     3 |       ||     6
   Stab: Sleeping          |    12 |    16 |    24 |       ||    52
         Distracted        |     1 |       |     2 |       ||     3
 Armour: Skin              |    24 |    37 |   100 |     2 ||   163
  Dodge: Dodged            |    43 |    38 |   138 |       ||   219

Table legend: (Time is in decaauts)
 A = Elapsed time spent in this place.
 B = Non-inter-level travel time spent in this place.
 C = Inter-level travel time spent in this place.
 D = Time resting spent in this place.
 E = Time spent auto-exploring this place.
 F = Levels seen in this place.
 G = Mean time per level.
                   A        B        C        D        E       F      G
               +--------+--------+--------+--------+--------+-----+--------+
         Total |   6929 |   6749 |    180 |    368 |   4514 |   8 |  866.1 |
       Dungeon |   6231 |   6051 |    180 |    301 |   4150 |   7 |  890.1 |
       Ossuary |    697 |    697 |      0 |     67 |    364 |   1 |  697.0 |
               +--------+--------+--------+--------+--------+-----+--------+

Top non-repeatable levels by time:
     D:5: 1347 daAuts
     D:4: 1271 daAuts
     D:3: 1011 daAuts
     D:1: 1008 daAuts
     D:6: 838 daAuts
 Ossuary: 697 daAuts
     D:2: 675 daAuts
     D:7: 79 daAuts
